 Dungeon Crawl Stone Soup version 0.29.1 (webtiles) character file.

Game seed: 10539083522343028107

324 ILmort the Cutter (level 6, -2/49 HPs)
             Began as a Demonspawn Fighter on Sept 14, 2022.
             Was an Initiate of Yredelemnul.
             Slain by Bartlander's ghost (8 damage)
             ... on level 3 of the Dungeon.
             The game lasted 00:08:34 (3807 turns).

ILmort the Cutter (Demonspawn Fighter)              Turns: 3807, Time: 00:08:35

Health: -2/49      AC:  9    Str: 17    XL:     6   Next: 23%
Magic:  6/6        EV:  9    Int:  9    God:    Yredelemnul [......]
Gold:   116        SH:  5    Dex: 14    Spells: 5/5 levels left

rFire   . . .      SeeInvis .   i - +2 dagger (venom)
rCold   + . .      Faith    .   c - +0 buckler
rNeg    . . .      Spirit   .   b - +0 scale mail
rPois   .          Reflect  .   (no helmet)
rElec   .          Harm     .   (no cloak)
rCorr   .          Rampage  .   (no gloves)
Will    .....                   j - +0 pair of boots
Stlth   ..........              (no amulet)
HPRegen 0.16/turn               g - ring of protection from cold
MPRegen 0.10/turn               (no ring)

@: no status effects
A: yellow scales 1, powered by death 1
a: Renounce Religion, Recall Undead Harvest


You were on level 3 of the Dungeon.
You worshipped Yredelemnul.
Yredelemnul was noncommittal.
You visited 1 branch of the dungeon, and saw 3 of its levels.

You collected 116 gold pieces.

Inventory:

Hand Weapons
 a - a +0 rapier
 i - a +2 dagger of venom (weapon)
 n - a +2 vampiric whip
Armour
 b - a +0 scale mail (worn)
 c - a +0 buckler (worn)
 j - a +0 pair of boots (worn)
Jewellery
 g - a ring of protection from cold (left hand)
 l - an amulet of faith
Wands
 o - a wand of flame (17)
Scrolls
 e - 4 scrolls of identify {unknown}
 h - 2 scrolls of butterflies {unknown}
 k - a scroll of immolation {unknown}
 m - 3 scrolls of teleportation {unknown}
 s - a scroll of magic mapping {unknown}
 t - a scroll of vulnerability {unknown}
 u - a scroll of amnesia {unknown}
 v - 3 scrolls of enchant armour {unknown}
 w - a scroll of enchant weapon {unknown}
Potions
 d - a potion of might
 f - a potion of heal wounds {unknown}
 p - a potion of haste {unknown}
 q - a potion of magic {unknown}
 r - 2 potions of degeneration {unknown}
 x - a potion of mutation {unknown}
 z - a potion of curing {unknown}


   Skills:
 + Level 4.3 Fighting
 * Level 4.4 Short Blades
 - Level 2.6 Armour
 + Level 3.9 Shields


You had 5 spell levels left.
You didn't know any spells.
Your spell library contained the following spells:

 Spells                   Type           Power      Damage    Failure   Level
 Necrotise                Necr           0%         1d4       87%         1
 Static Discharge         Conj/Air       0%         3-3/arc   95%         2
 Dispel Undead            Necr           0%         3d6       100%        4
 Sticky Flame             Conj/Fire      0%         2d3       100%        4


Dungeon Overview and Level Annotations

Branches:
Dungeon (3/15)

Altars:
Cheibriados
Yredelemnul

Shops:
D:1 (

Annotations:
D:3 Bartlander's ghost, amateur MfGl


Innate Abilities, Weirdness & Mutations

You are partially covered in yellow scales. (AC +2)
You regenerate a little health from kills.


Message History

You hit Bartlander's ghost. Bartlander's ghost hits you.
Your goblin zombie misses Bartlander's ghost.
You hit Bartlander's ghost but do no damage.
Your frilled lizard zombie bites Bartlander's ghost.
You hit Bartlander's ghost. Bartlander's ghost hits you.
* * * LOW HITPOINT WARNING * * *
Your goblin zombie barely misses Bartlander's ghost.
You barely miss Bartlander's ghost.
Your frilled lizard zombie barely misses Bartlander's ghost.
Bartlander's ghost barely misses you.
You barely miss Bartlander's ghost.
Your goblin zombie hits Bartlander's ghost but does no damage.
Bartlander's ghost hits you but does no damage.
Your frilled lizard zombie closely misses Bartlander's ghost.
You barely miss Bartlander's ghost.
Your goblin zombie hits Bartlander's ghost but does no damage.
Bartlander's ghost closely misses you.
You closely miss Bartlander's ghost.
Your frilled lizard zombie closely misses Bartlander's ghost.
You closely miss Bartlander's ghost. You block Bartlander's ghost's attack.
Your goblin zombie barely misses Bartlander's ghost.
Your frilled lizard zombie closely misses Bartlander's ghost.
You barely miss Bartlander's ghost. You block Bartlander's ghost's attack.
Your goblin zombie hits Bartlander's ghost but does no damage.
You hit Bartlander's ghost but do no damage.
Your frilled lizard zombie barely misses Bartlander's ghost.
Bartlander's ghost screams, "Don't try to defend!
You have no chance!"
Bartlander's ghost hits you!
* * * LOW HITPOINT WARNING * * *
You hit Bartlander's ghost but do no damage.
Your goblin zombie hits Bartlander's ghost.
Bartlander's ghost closely misses you.
Your frilled lizard zombie barely misses Bartlander's ghost.
You barely miss Bartlander's ghost.
Your goblin zombie hits Bartlander's ghost but does no damage.
You hit Bartlander's ghost. Bartlander's ghost misses you.
Your frilled lizard zombie bites Bartlander's ghost but does no damage.
You hit Bartlander's ghost. Bartlander's ghost hits you!
You die...
Your body rises from the dead as a mindless zombie.

#.#####..# #.....## #.#..
#.##.....# #.##'## #.#..
#.##.##### #'##.#########....
#.##.# ####.##.#........##.#
#<##.## ###....##.#)######.##.#
#.....###.#.#####...######.##†#
####.###....'.[##........#.##.#
#..##._..Z.:##...##........#
#####...(ZW@##...##.#.#.####
##.#.#####..........#
###....##..#####.###
####.##..#####.# ##'##........#
#..##.######## ### #.###.####
##.## #........#
##.#.######.###.##.#


You could see Bartlander's ghost (ally target), a friendly frilled lizard zombie
and a friendly goblin zombie.

Vanquished Creatures
  Jessica (D:3)
  Terence (D:2)
  Natasha (thrice) (D:2)
  A hound zombie (D:3)
  4 gnolls
  7 adders
  An adder zombie (D:3)
  A worm (D:2)
  2 orcs (D:3)
  5 ball pythons
  3 bats (D:1)
  13 endoplasms
  5 giant cockroaches
  8 goblins
  6 hobgoblins
  3 kobolds
  4 quokkas
  6 frilled lizards
  3 rats
77 creatures vanquished.

Notes
Turn   | Place    | Note
-------+----------+-------------------------------------------
     0 | D:1      | ILmort the Demonspawn Fighter began the quest for the Orb.
     0 | D:1      | Reached XP level 1. HP: 18/18 MP: 1/1
   102 | D:1      | Gained mutation: You are partially covered in yellow
                  | scales. (AC +2) [demonic ancestry]
   102 | D:1      | Reached XP level 2. HP: 15/24 MP: 2/2
   291 | D:1      | Found Ithrukhli's Weapon Emporium.
   467 | D:1      | Reached XP level 3. HP: 26/29 MP: 3/3
   634 | D:1      | Found a faded altar of an unknown god.
  1603 | D:1      | Reached XP level 4. HP: 35/35 MP: 4/4
  1697 | D:2      | Noticed Terence
  1705 | D:2      | Killed Terence
  1992 | D:2      | Reached XP level 5. HP: 42/42 MP: 5/5
  2290 | D:2      | Noticed Natasha
  2299 | D:2      | Killed Natasha
  2548 | D:2      | Noticed Natasha
  2558 | D:2      | Killed Natasha
  2564 | D:2      | Noticed Natasha
  2583 | D:2      | Killed Natasha
  2874 | D:3      | Found a snail-covered altar of Cheibriados.
  2961 | D:3      | Found a runed translucent gate.
  2961 | D:3      | Found a runed translucent gate.
  2961 | D:3      | Found a runed translucent gate.
  2961 | D:3      | Noticed Bartlander's ghost (amateur MfGl)
  3062 | D:3      | Noticed Jessica
  3074 | D:3      | Killed Jessica
  3075 | D:3      | Gained mutation: You regenerate a little health from kills.
                  | [demonic ancestry]
  3075 | D:3      | Reached XP level 6. HP: 48/48 MP: 6/6
  3084 | D:3      | Got Jessica's Treatise on Unholy Secrets
  3479 | D:3      | Found a basalt altar of Yredelemnul.
  3493 | D:3      | Became a worshipper of Yredelemnul the Dark
  3807 | D:3      | Slain by Bartlander's ghost

Illustrated notes

Levels and vault maps discovered:
D:1:      dpeg_arrival_three_smaller_balls, layout_loops_ring, serial_shops,
          nicolae_shop_statue_plus, shapermc_ecumenical_altar_hornbeckon,
          grunt_decor_resistance
D:2:      layout_loops_ring, uniq_terence, uniq_natasha
D:3:      layout_loops_corners, amcnicky_altar_gilded,
          nicolae_yredelemnul_ghost_church, kennysheep_jessica_study

Skill      XL: |  1  2  3  4  5 |
---------------+----------------+-----
Short Blades   | 2 3 4 |  4.4
Shields        | 3 |  3.9
Fighting       | 4 |  4.3
Armour         | |  2.6

Action                   |  1- 3 |  4- 6 || total
-------------------------+-------+-------++-------
Melee: Rapier            |    73 |       ||    73
       Dagger            |    35 |   201 ||   236
Armor: Scale mail        |    50 |    70 ||   120
Dodge: Dodged            |    36 |    67 ||   103
Block: Buckler           |    22 |    28 ||    50
